Workbook

Sheet Transactions
A1: Date | B1: Description | C1: Debit | D1: Chart of Accounts | E1: Income
A2: 43677 | B2: VISA AFTERPAY | C2: -31.23 | D2: 2-4 Expense Recreation
A3: 43677 | B3: From:ALLIANZ ePayment | C3: -24.83 | D3: 2-5 Expense Insurance | E3: 1-2 Income - Other Salary
A4: 43677 | B4: PAYW SAVOUR THE FLVR1 | C4: -51.5 | D4: 2-6 Expense General Living (Food) | E4: 1-1 Income - salaries and wages
A5: 43677 | B5: VISA EZI*F45 TRAINING | C5: -55 | D5: 2-2 Expense Sports and Recreation
A6: 43677 | B6: PAYW BUNNINGS WAREHOUSE | C6: -82.09 | D6: 2-4 Expense Recreation | E6: Expense
A7: 43677 | B7: PAYW DRAKE SUPERMARKETS | C7: -38.05 | D7: 2-6 Expense General Living (Food) | E7: =D13 -> 2-1 Expense School Fees
A8: 43677 | B8: Loan Auto Payment | C8: -531.6 | D8: 2-7 Expense Loan Repayment | E8: =D81 -> 2-2 Expense Sports and Recreation
A9: 43676 | B9: PAYW ISLE BY ENDOTA PTY LTD | C9: -50 | D9: 2-4 Expense Recreation | E9: =D55 -> 2-3 Expense Motor Vehicle (Fuel, Running )
A10: 43676 | B10: PAYW WOOLWORTHS | C10: -328.89 | D10: 2-6 Expense General Living (Food) | E10: =D23 -> 2-4 Expense Recreation
A11: 43676 | B11: PAYW JHAM BAR 27/07/19 Card Purchase | C11: -4.8 | D11: 2-6 Expense General Living (Food) | E11: =D40 -> 2-5 Expense Insurance
A12: 43675 | B12: From:Goodstart | C12: -259.07 | D12: 2-1 Expense School Fees | E12: =D21 -> 2-6 Expense General Living (Food)
A13: 43673 | B13: Payment Uni fees | C13: -1482.25 | D13: 2-1 Expense School Fees | E13: =D8 -> 2-7 Expense Loan Repayment
A14: 43673 | B14: VISA AFTERPAY PTY LTD | C14: -29.99 | D14: 2-6 Expense General Living (Food) | E14: =D22 -> 2-8 Expense Telephone
A15: 43673 | B15: REDI Cash Withdrawal | C15: -80 | D15: 2-6 Expense General Living (Food)
A16: 43672 | B16: From:XYZ Payment Advice ePayment | C16: 1632.25 | D16: 1-1 Income - salaries and wages
A17: 43672 | B17: PAYW OPTIMAL | C17: -18.49 | D17: 2-6 Expense General Living (Food)
A18: 43672 | B18: PAYW WOOLWORTHS | C18: -23.4 | D18: 2-6 Expense General Living (Food)
A19: 43672 | B19: VISA STAY ON TRACK 4X4 24/07/19 Card Purchase | C19: -1532.75 | D19: 2-3 Expense Motor Vehicle (Fuel, Running )
A20: 43672 | B20: CUSC SPAR | C20: -20 | D20: 2-6 Expense General Living (Food)
A21: 43671 | B21: VISA Isagenix North Ryde | C21: -721.82 | D21: 2-6 Expense General Living (Food)
A22: 43670 | B22: BPAY TELSTRA CORP LTD | C22: -340 | D22: 2-8 Expense Telephone
A23: 43670 | B23: PAYW BUNNINGS WAREHOUSE | C23: -28.05 | D23: 2-4 Expense Recreation
A24: 43670 | B24: VISA EZI*F45 TRAINING | C24: -55 | D24: 2-2 Expense Sports and Recreation
A25: 43669 | B25: PAYW FRESH FIX CAFÉ | C25: -56.7 | D25: 2-6 Expense General Living (Food)
A26: 43669 | B26: PAYW WOOLWORTHS | C26: -350.03 | D26: 2-6 Expense General Living (Food)
... A96: 43647 | B96: From:Goodstart | C96: -335.46 | D96: 2-1 Expense School Fees

Sheet PL
A1: Leigh Scherer
A2: Income Statement
A3: For the month ended 31 July 2019
A5: INCOME | B5: $
A6: =Transactions!E3 -> 1-2 Income - Other Salary | B6: =Transactions!C16+Transactions!C58+Transactions!C61 -> 15826.7 | C6: =B6/$B$8 -> 0.98741301
A7: =Transactions!E4 -> 1-1 Income - salaries and wages | B7: =Transactions!C42+Transactions!C47 -> 201.75 | C7: =B7/$B$8 -> 0.012586994
A8: TOTAL INCOME | B8: =SUM(B6:B7) -> 16028.45 | C8: =B8/$B$8 -> 1
A10: EXPENSE | B10: $
A11: =Transactions!E7 -> 2-1 Expense School Fees | B11: =Transactions!C12+Transactions!C13+Transactions!C28+Transactions!C53+Transactions!C78+Transactions!C96 -> -3117.35 | C11: =-B11/$B$8 -> 0.19448855
A12: =Transactions!E8 -> 2-2 Expense Sports and Recreation | B12: =Transactions!C5+Transactions!C24+Transactions!C46+Transactions!C65+Transactions!C77+Transactions!C81+Transactions!C82+Transactions!C83+Transactions!C86+Transactions!C92+Transactions!C95 -> -920.9 | C12: =-B12/$B$8 -> 0.057454089
A13: =Transactions!E9 -> 2-3 Expense Motor Vehicle (Fuel, Running ) | B13: =Transactions!C19+Transactions!C35+Transactions!C43+Transactions!C51+Transactions!C55+Transactions!C72+Transactions!C94 -> -2701.14 | C13: =-B13/$B$8 -> 0.1685216
A14: =Transactions!E10 -> 2-4 Expense Recreation | B14: =Transactions!C2+Transactions!C6+Transactions!C9+Transactions!C23+Transactions!C27+Transactions!C29+Transactions!C30+Transactions!C32+Transactions!C34+Transactions!C36+Transactions!C38+Transactions!C39+Transactions!C52+Transactions!C56+Transactions!C67+Transactions!C73+Transactions!C75+Transactions!C76+Transactions!C79+Transactions!C93 -> -1480.88 | C14: =-B14/$B$8 -> 0.092390718
A15: =Transactions!E11 -> 2-5 Expense Insurance | B15: =Transactions!C3+Transactions!C40+Transactions!C45+Transactions!C87+Transactions!C91 -> -367.16 | C15: =-B15/$B$8 -> 0.022906769
A16: =Transactions!E12 -> 2-6 Expense General Living (Food) | B16: =Transactions!C4+Transactions!C7+Transactions!C10+Transactions!C11+Transactions!C14+Transactions!C15+Transactions!C17+Transactions!C18+Transactions!C20+Transactions!C21+Transactions!C25+Transactions!C26+Transactions!C31+Transactions!C41+Transactions!C44+Transactions!C48+Transactions!C49+Transactions!C50+Transactions!C54+Transactions!C57+Transactions!C60+Transactions!C59+Transactions!C62+Transactions!C63+Transactions!C64+Transactions!C66+Transactions!C68+Transactions!C69+Transactions!C70+Transactions!C71+Transactions!C74+Transactions!C80+Transactions!C84+Transactions!C85+Transactions!C88+Transactions!C90 -> -3431.55 | C16: =-B16/$B$8 -> 0.21409119
A17: =Transactions!E13 -> 2-7 Expense Loan Repayment | B17: =Transactions!C8+Transactions!C33+Transactions!C37+Transactions!C89 -> -3299.5 | C17: =-B17/$B$8 -> 0.20585272
A18: =Transactions!E14 -> 2-8 Expense Telephone | B18: =Transactions!C22 -> -340 | C18: =-B18/$B$8 -> 0.021212282
A19: TOTAL EXPENSES | B19: =SUM(B11:B18) -> -15658.48 | D19: =B19/B8 -> -0.97691792
A21: Profit / (Loss) for the period | B21: =B8+B19 -> 369.97
